 Dungeon Crawl Stone Soup version 0.27-a0-334-g52645efa06 (webtiles) character file.

Game seed: 2390232862675826206

31 OurKingInYellow the Grasshopper (level 3, 0/27 HPs)
             Began as a Human Warper on Feb 13, 2021.
             Slain by a gnoll (2 damage)
             ... on level 2 of the Dungeon.
             The game lasted 00:04:23 (1047 turns).

OurKingInYellow the Grasshopper (Human Warper)      Turns: 1047, Time: 00:04:24

Health: 0/27       AC:  5    Str: 11    XL:     3   Next: 40%
Magic:  2/6        EV: 12    Int: 14    God:
Gold:   37         SH:  0    Dex: 12    Spells: 1/6 levels left

rFire    . . .     SeeInvis .   a - +0 falchion
rCold    . . .     Faith    .   (no shield)
rNeg     . . .     Spirit   .   b - +0 leather armour
rPois    .         Reflect  .   (no helmet)
rElec    .         Harm     .   k - +0 cloak
rCorr    .         Rampage  .   c - +0 pair of gloves
Will     .....                  (no boots)
Stlth    +.........             (no amulet)
HPRegen  0.09/turn              (no ring)
MPRegen  0.10/turn              (no ring)

@: no status effects
A: no striking features
a: no special abilities


You were on level 2 of the Dungeon.
You visited 1 branch of the dungeon, and saw 2 of its levels.

You collected 37 gold pieces.

Inventory:

Hand Weapons
 a - a +0 falchion (weapon)
Missiles
 e - 5 boomerangs of dispersal (quivered)
 h - 6 silver boomerangs
Armour
 b - a +0 leather armour (worn)
 c - a +0 pair of gloves (worn)
 g - a +0 ring mail
 k - a +0 cloak (worn)
Scrolls
 d - a scroll of blinking
Potions
 f - a potion of haste {unknown}
 i - 3 potions of curing {unknown}
 j - a potion of degeneration {unknown}
 l - a potion of flight {unknown}


   Skills:
 + Level 2.2 Fighting
 + Level 2.4 Long Blades
 + Level 1.1 Throwing
 + Level 1.2 Armour
 + Level 2.1 Dodging
 + Level 2.0 Spellcasting
 + Level 3.5 Translocations


You had one spell level left.
You knew the following spells:

 Your Spells              Type           Power        Failure   Level
a - Blink                 Tloc           N/A          11%         2
b - Gell's Gravitas       Tloc           5%           22%         3

Your spell library contained the following spells:

 Spells                   Type           Power        Failure   Level
 Lesser Beckoning         Tloc           5%           22%         3
 Teleport Other           Tloc           11%          22%         3
 Passage of Golubria      Tloc           N/A          58%         4


Dungeon Overview and Level Annotations

Branches:
Dungeon (2/15)

Altars:


Message History

You barely miss the jackal.
The jackal is almost dead.
The jackal barely misses you.
You riposte.
You hit the jackal.
You kill the jackal!
The gnoll hits you.
* * * LOW HITPOINT WARNING * * *
The gnoll barely misses you.
Casting: Blink (safe; 11% risk of failure)
Confirm with . or Enter, or press ? or * to list all spells.
You blink.
Casting: Blink (safe; 11% risk of failure)
Confirm with . or Enter, or press ? or * to list all spells.
You blink.
Casting: Blink (safe; 11% risk of failure)
Confirm with . or Enter, or press ? or * to list all spells.
You blink.
Casting: Blink (safe; 11% risk of failure)
Confirm with . or Enter, or press ? or * to list all spells.
You don't have enough magic to cast this spell.
You start resting.
A gnoll is nearby!
You hit the gnoll.
The gnoll is heavily wounded.
The gnoll hits you.
* * * LOW HITPOINT WARNING * * *
You closely miss the gnoll.
The gnoll is heavily wounded.
The gnoll closely misses you.
You hit the gnoll.
The gnoll is heavily wounded.
The rat closely misses you. The gnoll barely misses you.
You riposte.
You hit the gnoll.
The gnoll is almost dead.
The rat bites you but does no damage.
You hit the gnoll.
You kill the gnoll!
The rat bites you.
* * * LOW HITPOINT WARNING * * *
The gnoll hits you.
You die...

..gg§r......§##
#.B####..#.#..# #.
##.#.##.### .
#..<##...####
#..#####....##
..##### #..#
####..## .....###
#...# ###..####
#...## ......
##r......####....>
#.#.####
#.#@g..............#
#...
#.............####..
#.## ##............#
##. #.......(....#
## ##.........#..# .
##...#...###... #
###...... ##..
#.####.. .. .. #..


You could see a gnoll and a rat.

Vanquished Creatures
  A gnoll (D:2)
  3 dart slugs (D:1)
  2 leopard geckos (D:1)
  A giant cockroach (D:1)
  A goblin (D:1)
  4 hobgoblins (D:1)
  4 jackals
  2 frilled lizards (D:1)
  3 kobolds
  A rat (D:1)
22 creatures vanquished.

Notes
Turn   | Place    | Note
-------+----------+-------------------------------------------
     0 | D:1      | OurKingInYellow the Human Warper began the quest for the
                  | Orb.
     0 | D:1      | Reached XP level 1. HP: 16/16 MP: 3/3
    81 | D:1      | Reached XP level 2. HP: 15/22 MP: 5/5
    85 | D:1      | Learned a level 2 spell: Blink
   338 | D:1      | Reached XP level 3. HP: 25/27 MP: 6/6
   346 | D:1      | Learned a level 3 spell: Gell's Gravitas
  1047 | D:2      | Slain by a gnoll

Illustrated notes

Levels and vault maps discovered:
D:1:      dpeg_arrival_lava_altar, layout_rooms, grunt_decor_resistance
D:2:      layout_rooms, hex_tiny, minmay_close_crescents, uniq_jessica

Action                   || total
-------------------------++-------
Melee: Falchion          ||    72
 Cast: Blink             ||     6
Armor: Leather armour    ||    16
       Ring mail         ||    12
Dodge: Dodged            ||    74
       Rpst.: Falchion   ||    19

Table legend: (Time is in decaauts)
 A = Elapsed time spent in this place.
 B = Non-inter-level travel time spent in this place.
 C = Inter-level travel time spent in this place.
 D = Time resting spent in this place.
 E = Time spent auto-exploring this place.
 F = Levels seen in this place.
 G = Mean time per level.
                   A        B        C        D        E       F      G
               +--------+--------+--------+--------+--------+-----+--------+
         Total |   1061 |   1061 |      0 |    200 |      0 |   2 |  530.5 |
       Dungeon |   1061 |   1061 |      0 |    200 |      0 |   2 |  530.5 |
               +--------+--------+--------+--------+--------+-----+--------+

Top non-repeatable levels by time:
     D:1: 966 daAuts
     D:2: 94 daAuts
